[Event "Titled Tuesday Blitz October 25 Late 2022"]
[White "Szpar, Milosz"]
[Black "Koellner, Ruben Gideon"]
[WhiteFideId "1184989"]
[BlackFideId "12993093"]
[WhiteElo "2422"]
[BlackElo "2303"]
[Result "0-1"]
[Round "05"]
[TimeControl "180+1"]
[Date "2022.10.26"]
[WhiteClock "0:00:02"]
[BlackClock "0:00:24"]

1. e4 d6 2. d4 Nf6 3. Nc3 e5 4. Nge2 Nc6 5. d5 Ne7 6. g3 g6 7. Bg2 Bg7 8. O-O O-O 9. f4 exf4 10. gxf4 c6 11. dxc6 bxc6 12. h3 d5 13. e5 Qb6+ 14. Kh2 Nh5 15. Bf3 f6 16. Bxh5 gxh5 17. Ng3 fxe5 18. Nxh5 Bh8 19. Rg1+ Ng6 20. Nxd5 cxd5 21. Qxd5+ Be6 22. Qe4 Bf5 23. Qc4+ Qe6 24. Qf1 e4 25. Be3 Bxb2 26. Rb1 Bh8 27. Rb5 Rac8 28. Rg5 Rxc2+ 29. Kg3 h6 30. Qd1 Qxa2 31. Rbxf5 Rg2# 0-1


[Site "https://www.chess.com"]

[Event "Titled Tuesday Blitz October 25 Late 2022"]
[White "Sztokbant, Bernardo Vainzoff"]
[Black "Lamaze, Simon"]
[WhiteFideId "2115956"]
[BlackFideId "36069264"]
[WhiteElo "2171"]
[BlackElo "2272"]
[Result "0-1"]
[Round "05"]
[TimeControl "180+1"]
[Date "2022.10.26"]
[WhiteClock "0:00:01"]
[BlackClock "0:00:33"]

1. e4 c5 2. c3 Nf6 3. e5 Nd5 4. d4 cxd4 5. Nf3 e6 6. cxd4 d6 7. Nc3 Be7 8. Bd3 Nxc3 9. bxc3 dxe5 10. Nxe5 Nd7 11. Bf4 Nxe5 12. Bxe5 Bf6 13. Qe2 Bxe5 14. Qxe5 O-O 15. O-O Bd7 16. Rfe1 Bc6 17. Re3 Qd5 18. Qg3 Rac8 19. Re5 Qd8 20. Rae1 Qf6 21. h4 g6 22. h5 Bd5 23. hxg6 hxg6 24. Rg5 Kg7 25. c4 Bxc4 26. Bxc4 Rxc4 27. d5 exd5 28. Rxd5 Rfc8 29. Rd7 Rc1 30. Rxc1 Rxc1+ 31. Kh2 Qa1 32. Qe3 Rh1+ 33. Kg3 Rh5 34. Rxb7 Qf6 35. Qf4 Rg5+ 36. Kf3 Rf5 37. Rb4 Rxf4+ 38. Rxf4 Qc3+ 39. Kg4 Qc8+ 40. Kg3 Qc2 41. a4 f5 42. f3 g5 43. Rd4 f4+ 44. Kg4 Qxg2+ 45. Kf5 Qxf3 46. Kxg5 Qe3 47. Rxf4 Qg3+ 48. Kf5 Kf7 49. Ke4+ Ke6 50. Rf3 Qe1+ 0-1


[Site "https://www.chess.com"]

[Event "Titled Tuesday Blitz October 25 Late 2022"]
[White "Tan, Ralph"]
[Black "Kalaiyalahan, Akshaya"]
[WhiteFideId "30966590"]
[BlackFideId "422894"]
[WhiteElo "2059"]
[BlackElo "2043"]
[Result "1-0"]
[Round "05"]
[TimeControl "180+1"]
[Date "2022.10.26"]
[WhiteClock "0:01:40"]
[BlackClock "0:01:22"]

1. Nf3 d5 2. g3 Nf6 3. Bg2 e6 4. O-O Be7 5. d4 O-O 6. c4 c6 7. Nc3 Nbd7 8. b3 b6 9. Bb2 Bb7 10. Rc1 c5 11. cxd5 Nxd5 12. Re1 cxd4 13. Nxd4 Nxc3 14. Bxc3 Bxg2 15. Kxg2 Rc8 16. Qd2 Nc5 17. f3 e5 18. Nf5 Bg5 19. Qxd8 Rfxd8 20. Rcd1 Nd3 21. Rxd3 Rxd3 22. exd3 Rxc3 23. Rxe5 g6 24. Re8# 1-0


[Site "https://www.chess.com"]

[Event "Titled Tuesday Blitz October 25 Late 2022"]
[White "Thiel, Thomas"]
[Black "Camacho Campusano, David Daniel"]
[WhiteFideId "4615964"]
[BlackFideId "6408885"]
[WhiteElo "2232"]
[BlackElo "2181"]
[Result "1-0"]
[Round "05"]
[TimeControl "180+1"]
[Date "2022.10.26"]
[WhiteClock "0:00:25"]
[BlackClock "0:00:05"]

1. e4 e5 2. Nf3 Nc6 3. d4 exd4 4. Nxd4 Bc5 5. Nb3 Bb6 6. Nc3 a5 7. a4 Nf6 8. Qe2 d6 9. Bg5 h6 10. Bh4 Be6 11. O-O-O g5 12. Bg3 Qe7 13. Nd5 Bxd5 14. exd5 Qxe2 15. Bxe2 Nb4 16. h4 O-O-O 17. Bc4 Ne4 18. c3 Na6 19. Nd4 Nac5 20. Kc2 Nxa4 21. Bd3 Nxg3 22. fxg3 Nc5 23. Bf5+ Kb8 24. b4 axb4 25. cxb4 Nd7 26. Bxd7 Rxd7 27. hxg5 h5 28. Nf5 Rdd8 29. Nh6 Rde8 30. Rxh5 Re3 31. Rh3 Re5 32. Nxf7 Rxh3 33. gxh3 Re3 34. Rd3 Re2+ 35. Kb3 Rh2 36. h4 1-0


[Site "https://www.chess.com"]

[Event "Titled Tuesday Blitz October 25 Late 2022"]
[White "Timmermans, Mark"]
[Black "Pinheiro, Iung Alicio de O."]
[WhiteFideId "1026399"]
[BlackFideId "2104350"]
[WhiteElo "2460"]
[BlackElo "2283"]
[Result "1-0"]
[Round "05"]
[TimeControl "180+1"]
[Date "2022.10.26"]
[WhiteClock "0:01:19"]
[BlackClock "0:00:01"]

1. b4 d5 2. Bb2 Bg4 3. Nf3 Bxf3 4. exf3 e6 5. c4 dxc4 6. Bxc4 Nf6 7. b5 Be7 8. O-O O-O 9. a4 a6 10. d4 axb5 11. axb5 Rxa1 12. Bxa1 Nbd7 13. Nd2 Nb6 14. Bd3 Nbd5 15. g3 Qd7 16. Qb3 Ra8 17. Bb2 g6 18. f4 h5 19. Nc4 Nb6 20. Nxb6 cxb6 21. Bc4 Nd5 22. h4 Bf6 23. Rd1 Rd8 24. Be2 Ne7 25. d5 Bxb2 26. dxe6 Qxd1+ 27. Bxd1 Bd4 28. exf7+ Kf8 29. Bc2 Kg7 30. Qe6 Bf6 31. Qxb6 Rd7 32. Qe6 Rd8 33. Be4 Rf8 34. Bxb7 Rxf7 35. Be4 Rf8 36. b6 1-0


[Site "https://www.chess.com"]

[Event "Titled Tuesday Blitz October 25 Late 2022"]
[White "Varriale, Luca"]
[Black "Roque Sola, Gisela"]
[WhiteFideId "882461"]
[BlackFideId "5120241"]
[WhiteElo "2245"]
[BlackElo "1961"]
[Result "0-1"]
[Round "05"]
[TimeControl "180+1"]
[Date "2022.10.26"]
[WhiteClock "0:00:01"]
[BlackClock "0:00:11"]

1. e4 e6 2. d4 d5 3. Nc3 Nf6 4. Bg5 dxe4 5. Nxe4 Be7 6. Bxf6 gxf6 7. Bd3 b6 8. c3 Bb7 9. Qe2 c6 10. Nf3 Qc7 11. O-O-O Nd7 12. Nfd2 O-O-O 13. Ba6 Kb8 14. Bxb7 Kxb7 15. Nb3 f5 16. Ng3 Rhg8 17. f3 Bd6 18. Nf1 Nf6 19. Nfd2 Nd5 20. g3 h5 21. Nc4 Be7 22. Ne5 Bf6 23. f4 h4 24. Qf3 Rg7 25. g4 Nxf4 26. gxf5 Bg5 27. Kb1 exf5 28. Rhg1 f6 29. Nd3 Nxd3 30. Qxd3 Qxh2 31. Qxf5 Re7 32. Rge1 Rde8 33. Rxe7+ Rxe7 34. a3 Qf4 35. Qg6 Qe4+ 36. Qxe4 Rxe4 37. Rh1 Re3 38. Nc1 h3 39. Kc2 Bf4 40. Nd3 Bd6 41. Kd2 Rg3 42. Ke2 h2 43. Nf2 Rg2 44. Kf3 Rg5 45. Ke2 f5 46. Kf1 Rh5 47. Kg2 f4 48. Rxh2 f3+ 0-1


[Site "https://www.chess.com"]

[Event "Titled Tuesday Blitz October 25 Late 2022"]
[White "Vasquez Garrido, Nuremberg"]
[Black "Moaataz, Ayah"]
[WhiteFideId "4432118"]
[BlackFideId "10615873"]
[WhiteElo "2062"]
[BlackElo "1993"]
[Result "0-1"]
[Round "05"]
[TimeControl "180+1"]
[Date "2022.10.26"]
[WhiteClock "0:00:05"]
[BlackClock "0:01:19"]

1. e4 c6 2. d4 d5 3. exd5 cxd5 4. Bd3 Nc6 5. c3 Qc7 6. Nf3 Bg4 7. O-O Nf6 8. h3 Bh5 9. Bg5 e6 10. Nbd2 Bd6 11. Re1 Rb8 12. Qa4 O-O 13. Bxf6 gxf6 14. Kh1 Bg6 15. Qc2 Nb4 16. cxb4 Qxc2 17. Bxc2 Bxc2 18. Rac1 Bd3 19. a3 Rbc8 20. Nb3 b6 21. Rc3 Ba6 22. Rec1 Bf4 23. R1c2 Kg7 24. g3 Bd6 25. Kg2 Rc4 26. Nfd2 Rcc8 27. f4 e5 28. dxe5 fxe5 29. Rxc8 Bxc8 30. g4 exf4 31. Kf3 Be5 32. Ke2 Ba6+ 33. Kf2 Bd3 34. Rc6 Bxb2 35. Nf3 Bxa3 36. Rd6 Be4 37. Nbd4 Bxb4 38. Rd7 Bc5 39. h4 Bxf3 40. Kxf3 Bxd4 0-1


[Site "https://www.chess.com"]

[Event "Titled Tuesday Blitz October 25 Late 2022"]
[White "Velikanov, Alexander"]
[Black "Tang, Andrew"]
[WhiteFideId "2039290"]
[BlackFideId "2059630"]
[WhiteElo "2259"]
[BlackElo "2581"]
[Result "1-0"]
[Round "05"]
[TimeControl "180+1"]
[Date "2022.10.26"]
[WhiteClock "0:00:03"]
[BlackClock "0:00:01"]

1. g3 d5 2. Bg2 Nf6 3. d3 e6 4. Nf3 c5 5. Nbd2 Nc6 6. e4 Be7 7. O-O O-O 8. e5 Nd7 9. Re1 b5 10. Nf1 a5 11. h4 b4 12. Bf4 a4 13. a3 bxa3 14. bxa3 Ba6 15. h5 Nd4 16. N1d2 Qb6 17. h6 g6 18. c4 dxc4 19. Nxd4 cxd4 20. Nxc4 Bxc4 21. Bxa8 Bb3 22. Qf3 Nc5 23. Be4 Qa6 24. Bd2 Nxe4 25. dxe4 Rd8 26. Bb4 Bg5 27. Qg4 f6 28. exf6 Bxf6 29. e5 Bh8 30. Be7 Rd7 31. Bf6 Bxf6 32. exf6 d3 33. f7+ Rxf7 34. Qd4 Qb7 35. Qxd3 Rf5 36. Qd8+ Rf8 37. Qd4 Qf7 38. Rac1 Bd5 39. Rc3 g5 40. Re5 Qf6 41. Qe3 Kh8 42. Rxg5 Rb8 43. f4 Rb1+ 44. Rc1 Rxc1+ 45. Qxc1 Qd4+ 46. Kh2 Bc4 47. Qc2 e5 48. Rxe5 Kg8 49. Qf5 Qd2+ 50. Kh3 Bf1+ 51. Kh4 Qh2+ 52. Kg5 Qxg3+ 53. Qg4 Qd3 54. Kf6+ 1-0


[Site "https://www.chess.com"]

[Event "Titled Tuesday Blitz October 25 Late 2022"]
[White "Vovk, Orest"]
[Black "Sjugirov, Sanan"]
[WhiteFideId "14113490"]
[BlackFideId "4189302"]
[WhiteElo "2215"]
[BlackElo "2609"]
[Result "0-1"]
[Round "05"]
[TimeControl "180+1"]
[Date "2022.10.26"]
[WhiteClock "0:00:05"]
[BlackClock "0:00:04"]

1. h4 d5 2. h5 h6 3. e4 dxe4 4. Nc3 Nf6 5. Qe2 c6 6. Nxe4 Nxe4 7. Qxe4 Nd7 8. Nf3 Nf6 9. Qf4 e6 10. d4 Bd6 11. Qh4 b6 12. Bd3 Bb7 13. Bf4 Qc7 14. Bxd6 Qxd6 15. O-O-O O-O-O 16. Ne5 Qc7 17. Qg3 Rhg8 18. Rh4 Qe7 19. c3 Qc7 20. Bc2 Rdf8 21. Bb3 Nd7 22. Rg4 Nxe5 23. dxe5 Rd8 24. Rxg7 Rxd1+ 25. Bxd1 Rd8 26. Qf4 Qd7 27. Bc2 Qd5 28. b3 Rd7 29. Rxf7 Rxf7 30. Qxf7 Qxe5 31. Kb2 Qg5 32. Qxe6+ Kc7 33. Qg6 Qf4 34. Qg3 Qxg3 35. fxg3 Kd6 36. Bf5 Ke5 37. g4 c5 38. b4 Bxg2 39. bxc5 bxc5 40. Kb3 Bd5+ 41. c4 Bf7 42. Bc8 Be8 43. Kc3 Bc6 44. a3 Kf4 45. Kb3 Be8 46. Kc3 Ba4 47. Kd3 Bd1 48. Kc3 Bxg4 49. Bxg4 Kxg4 50. Kb3 Kxh5 51. Ka4 Kg4 52. Kb5 h5 53. Kxc5 h4 54. Kd6 h3 55. c5 h2 56. c6 h1=Q 57. c7 Qb7 58. Kd7 Kf5 59. Kd8 Kf6 60. c8=Q Qe7# 0-1


[Site "https://www.chess.com"]

[Event "Titled Tuesday Blitz October 25 Late 2022"]
[White "Wieczorek, Zbigniew"]
[Black "Jimenez Almeida, Luis David"]
[WhiteFideId "1102001"]
[BlackFideId "22242244"]
[WhiteElo "2359"]
[BlackElo "2158"]
[Result "0-1"]
[Round "05"]
[TimeControl "180+1"]
[Date "2022.10.26"]
[WhiteClock "0:00:02"]
[BlackClock "0:00:14"]

1. Nf3 Nf6 2. c4 b6 3. Nc3 Bb7 4. d4 e6 5. a3 a5 6. g3 Be7 7. Bg2 O-O 8. O-O Ne4 9. Qc2 Nxc3 10. Qxc3 Bf6 11. Qd3 d5 12. cxd5 exd5 13. Ne5 c5 14. Be3 c4 15. Qd2 b5 16. a4 Qb6 17. axb5 Qxb5 18. Rfc1 Re8 19. f4 Nc6 20. Bf2 Nb4 21. Ra3 h6 22. g4 Bxe5 23. fxe5 Bc8 24. g5 hxg5 25. Qxg5 Ra6 26. Rg3 Rg6 27. Qd2 Ree6 28. Ra1 Rxg3 29. hxg3 Rg6 30. Bf3 Bg4 31. Kg2 Nc6 32. Ra3 Qb4 33. Rc3 Bxf3+ 34. exf3 a4 35. Qc1 Re6 36. f4 Re8 37. f5 Rb8 38. Qg5 Kf8 39. f6 g6 40. Qh6+ Ke8 41. Qg7 Qf8 42. Qh7 Rxb2 43. Rf3 Nxd4 44. Rf4 Ne6 45. Rf3 d4 46. Rf4 c3 0-1


[Site "https://www.chess.com"]

[Event "Titled Tuesday Blitz October 25 Late 2022"]
[White "Wiegmann, Sascha"]
[Black "Aggelis, Nikolaos"]
[WhiteFideId "4682041"]
[BlackFideId "4213220"]
[WhiteElo "2292"]
[BlackElo "2187"]
[Result "0-1"]
[Round "05"]
[TimeControl "180+1"]
[Date "2022.10.26"]
[WhiteClock "0:00:10"]
[BlackClock "0:01:13"]

1. Nf3 Nf6 2. g3 g6 3. Bg2 Bg7 4. O-O O-O 5. d4 d5 6. c4 Nc6 7. Nc3 dxc4 8. e4 Bg4 9. Be3 e5 10. dxe5 Bxf3 11. exf6 Bxd1 12. fxg7 Kxg7 13. Raxd1 Qe7 14. Nd5 Qe5 15. Bf4 Qxb2 16. Bd2 f6 17. Bc3 Qa3 18. Nxf6 Qxc3 19. Rd7+ Kxf6 20. f4 Qd4+ 21. Rxd4 Nxd4 22. e5+ Ke7 0-1


[Site "https://www.chess.com"]

[Event "Titled Tuesday Blitz October 25 Late 2022"]
[White "Winterberg, Lukas"]
[Black "Aghasiyev, Kamal"]
[WhiteFideId "24622702"]
[BlackFideId "13402854"]
[WhiteElo "2349"]
[BlackElo "2341"]
[Result "0-1"]
[Round "05"]
[TimeControl "180+1"]
[Date "2022.10.26"]
[WhiteClock "0:00:12"]
[BlackClock "0:00:38"]

1. d4 d5 2. Nc3 Nf6 3. Bf4 a6 4. e3 c5 5. h4 Nc6 6. Nf3 Bg4 7. Be2 Bxf3 8. Bxf3 e6 9. g4 Bd6 10. g5 Bxf4 11. gxf6 Bh6 12. fxg7 Bxg7 13. dxc5 Qa5 14. Qd2 O-O-O 15. Ne2 Qxd2+ 16. Kxd2 Ne5 17. Nd4 Nc4+ 18. Kc1 Kb8 19. Rg1 Rhg8 20. b3 Bxd4 21. Rxg8 Rxg8 22. exd4 Rg1+ 23. Bd1 Na3 24. Kb2 Nb5 25. Bh5 Rg2 26. Bxf7 Rxf2 27. Bxe6 Nxd4 28. Bxd5 Nxc2 29. Be4 Nxa1+ 30. Kxa1 h6 31. h5 Rf4 32. Bg6 Kc7 33. Kb2 Kc6 34. Kc3 Kxc5 35. Bd3 a5 36. a3 b5 37. Bg6 Rf3+ 38. Kc2 Kd4 39. a4 Rf2+ 40. Kd1 b4 41. Bh7 Kc3 42. Bg8 Rb2 0-1


[Site "https://www.chess.com"]

[Event "Titled Tuesday Blitz October 25 Late 2022"]
[White "Yeletsky, Ivan"]
[Black "Atanasov, Anthony"]
[WhiteFideId "24180327"]
[BlackFideId "2623897"]
[WhiteElo "2391"]
[BlackElo "2048"]
[Result "1-0"]
[Round "05"]
[TimeControl "180+1"]
[Date "2022.10.26"]
[WhiteClock "0:01:40"]
[BlackClock "0:01:08"]

1. Nf3 d5 2. g3 Bf5 3. c4 Nc6 4. cxd5 Qxd5 5. Nc3 Qd7 6. d4 O-O-O 7. d5 Nb4 8. e4 Bg4 9. Bg2 Nf6 10. a3 Na6 11. Qc2 e6 12. Ne5 Qe8 13. O-O exd5 14. Nxg4 Nxg4 15. exd5 Bc5 16. b4 Bd4 17. Bf4 Qd7 18. Rad1 Bb6 19. d6 c6 20. b5 cxb5 21. Nxb5+ Kb8 22. Nc7 Rc8 23. Nxa6+ bxa6 24. Qe4 1-0


[Site "https://www.chess.com"]

[Event "Titled Tuesday Blitz October 25 Late 2022"]
[White "Yuan, Qingyu"]
[Black "Przybylski, Wojciech"]
[WhiteFideId "8609772"]
[BlackFideId "1117599"]
[WhiteElo "2359"]
[BlackElo "2221"]
[Result "1-0"]
[Round "05"]
[TimeControl "180+1"]
[Date "2022.10.26"]
[WhiteClock "0:00:18"]
[BlackClock "0:00:02"]

1. d4 Nf6 2. Bf4 e6 3. e3 b6 4. Qf3 Nc6 5. Nc3 Bb7 6. O-O-O Be7 7. Nge2 O-O 8. g4 Na5 9. e4 Nxe4 10. Nxe4 f5 11. gxf5 exf5 12. d5 fxe4 13. Qxe4 Ba6 14. Rg1 Nc4 15. Nd4 Bf6 16. Bxc4 Bxc4 17. Nf5 Ba6 18. Nxg7 Kh8 19. Nh5 Re8 20. Qf5 Bxb2+ 21. Kxb2 Qe7 22. Qf6+ Qxf6+ 23. Nxf6 Rf8 24. Be5 d6 25. Bc3 h6 26. Rg6 Rf7 27. Rdg1 Rh7 28. Rg8+ Rxg8 29. Rxg8# 1-0


[Site "https://www.chess.com"]

[Event "Titled Tuesday Blitz October 25 Late 2022"]
[White "Yurtseven, Melih"]
[Black "Osmak, Yuliia"]
[WhiteFideId "6312160"]
[BlackFideId "14101602"]
[WhiteElo "2218"]
[BlackElo "2328"]
[Result "1-0"]
[Round "05"]
[TimeControl "180+1"]
[Date "2022.10.26"]
[WhiteClock "0:00:15"]
[BlackClock "0:00:02"]

1. Nf3 c5 2. c4 Nc6 3. Nc3 Nf6 4. g3 g6 5. Bg2 Bg7 6. d4 cxd4 7. Nxd4 O-O 8. O-O Nxd4 9. Qxd4 d6 10. Qd3 a6 11. h3 Rb8 12. Be3 Be6 13. Rac1 Qc8 14. Nd5 Re8 15. Kh2 Nd7 16. b4 h5 17. Qd2 Ne5 18. Nb6 Qd8 19. a4 Nd7 20. a5 Nxb6 21. axb6 Qd7 22. Rfd1 Qa4 23. c5 Bb3 24. Rf1 d5 25. Bxd5 Rbd8 26. Bxb3 Qxb3 27. Qc2 Qxb4 28. Rb1 Qa3 29. Qe4 Rd7 30. Rfd1 Red8 31. Rxd7 Rxd7 32. c6 bxc6 33. b7 Rxb7 34. Rxb7 Bf6 35. Qf4 Qa2 36. Rb8+ Kh7 37. Qh6# 1-0


[Site "https://www.chess.com"]

[Event "Titled Tuesday Blitz October 25 Late 2022"]
[White "Zakaryan, David"]
[Black "Iliaguev, Nisim"]
[WhiteFideId "24101923"]
[BlackFideId "2817276"]
[WhiteElo "2409"]
[BlackElo "2264"]
[Result "0-1"]
[Round "05"]
[TimeControl "180+1"]
[Date "2022.10.26"]
[WhiteClock "0:00:20"]
[BlackClock "0:00:23"]

1. Nf3 Nf6 2. c4 c5 3. Nc3 g6 4. e3 Bg7 5. b3 O-O 6. Bb2 d5 7. cxd5 Nxd5 8. Be2 Nc6 9. O-O b6 10. a3 Bb7 11. Qc2 Rc8 12. Nxd5 Qxd5 13. Bxg7 Kxg7 14. Rfd1 Rfd8 15. Qb2+ Kg8 16. d3 Qd6 17. h4 Qf6 18. Qxf6 exf6 19. Nd2 Kg7 20. Nc4 Rc7 21. Rab1 Rcd7 22. b4 cxb4 23. axb4 b5 24. Na3 a6 25. d4 f5 26. g3 Ne7 27. Rdc1 h5 28. Rc5 f4 29. gxf4 Nf5 30. Nc2 Nxh4 31. Ne1 Nf5 32. Rbc1 Ne7 33. Bf3 Bxf3 34. Nxf3 Nd5 35. Ne5 Rd6 36. Nd3 Nb6 37. Ne5 Nd5 38. Nd3 f6 39. Rc6 Kh6 40. Rxd6 Rxd6 41. Rc8 Kg7 42. Kg2 Nb6 43. Rc7+ Kh6 44. Kf3 g5 45. fxg5+ fxg5 46. Ne5 Rf6+ 47. Kg2 Nd5 48. Rc6 Rxc6 49. Nxc6 Kg6 50. e4 Nf4+ 51. Kf3 Nd3 52. Ke3 Nb2 53. d5 Nc4+ 54. Kf3 Kf6 55. Kg3 Nb6 56. f4 h4+ 57. Kg4 gxf4 58. Kxf4 Nc4 59. e5+ Kf7 60. Kg4 Ne3+ 61. Kxh4 Nxd5 62. Kg4 Ke6 63. Kf3 Nc3 64. Kf4 Ne2+ 65. Ke4 Nc3+ 66. Kd4 Ne2+ 67. Kc5 Nf4 68. Kb6 Nd5+ 69. Ka5 Nc3 70. Kxa6 Kd5 71. Ka5 Kxc6 72. e6 Nd5 73. Ka6 Ne7 74. Ka5 Nc8 75. Ka6 Ne7 76. Ka5 Nd5 77. Ka6 Nxb4+ 78. Ka5 Nd5 79. e7 Nxe7 80. Kb4 Nd5+ 81. Ka5 Kc5 82. Ka6 b4 83. Kb7 b3 84. Kc8 b2 85. Kd7 b1=Q 86. Ke6 Qg6+ 87. Ke5 Nb4 88. Kf4 Kd4 89. Kf3 Qf5+ 90. Ke2 Qd3+ 91. Kf2 Qe4 92. Kg3 Qf5 93. Kg2 Qf4 94. Kh3 Qg5 95. Kh2 Ke3 96. Kh1 Kf2 97. Kh2 Qh4# 0-1


[Site "https://www.chess.com"]

[Event "Titled Tuesday Blitz October 25 Late 2022"]
[White "Zhigalko, Sergei"]
[Black "Machidon, Cristi"]
[WhiteFideId "13502956"]
[BlackFideId "13904590"]
[WhiteElo "2662"]
[BlackElo "2312"]
[Result "1-0"]
[Round "05"]
[TimeControl "180+1"]
[Date "2022.10.26"]
[WhiteClock "0:00:10"]
[BlackClock "0:00:08"]

1. e4 c6 2. d4 d5 3. e5 Bf5 4. Nf3 e6 5. Be2 Ne7 6. O-O c5 7. dxc5 Nec6 8. Be3 Nd7 9. c4 dxc4 10. Na3 Bxc5 11. Nxc4 O-O 12. Qc1 Bxe3 13. Qxe3 Nb6 14. Nd6 Qe7 15. Rad1 Bg6 16. Nd4 Nxd4 17. Qxd4 Rad8 18. Bf3 Rd7 19. a4 Bc2 20. Ra1 Nc8 21. Nxc8 Rxc8 22. Qxa7 Qb4 23. a5 g5 24. a6 Be4 25. Qe3 Bxf3 26. Qxg5+ Kf8 27. a7 b5 28. gxf3 Ra8 29. Kh1 Rdxa7 30. Rxa7 Rxa7 31. Qd8+ 1-0


[Site "https://www.chess.com"]

[Event "Titled Tuesday Blitz October 25 Late 2022"]
[White "Zilleruelo Irizarry, Diego"]
[Black "Melikhov, Evgeny V."]
[WhiteFideId "3101460"]
[BlackFideId "4122046"]
[WhiteElo "1998"]
[BlackElo "2169"]
[Result "1-0"]
[Round "05"]
[TimeControl "180+1"]
[Date "2022.10.26"]
[WhiteClock "0:00:10"]
[BlackClock "0:00:11"]

1. e4 c5 2. Nf3 d6 3. d4 cxd4 4. Qxd4 Nc6 5. Qe3 e6 6. Be2 Nf6 7. c4 Be7 8. O-O O-O 9. Nc3 a6 10. Rd1 Qc7 11. b3 Ne5 12. Bb2 Nfg4 13. Qd2 Nxf3+ 14. Bxf3 Ne5 15. Be2 Ng6 16. g3 b6 17. Bf3 Bb7 18. Rac1 Rac8 19. Bg2 Qb8 20. Qe3 Bd8 21. Ne2 Bc7 22. h4 Ne5 23. h5 h6 24. Nf4 Rcd8 25. Nd3 b5 26. c5 Nxd3 27. Rxd3 dxc5 28. Rxd8 Rxd8 29. Qxc5 Bd6 30. Qb6 Rc8 31. Rxc8+ Bxc8 32. Qc6 Bb7 33. Qc3 Bf8 34. Qe3 Qd6 35. Bd4 e5 36. Bb6 Qc6 37. Kh2 f5 38. f3 f4 39. gxf4 exf4 40. Qd4 Qe6 41. Bh3 Qe7 42. Qd8 Qxd8 43. Bxd8 Bd6 44. Kg2 Kf7 45. Bf5 Bc6 46. Bg6+ Ke6 47. Kh3 Bd7 48. Bf5+ Kf7 49. Bxd7 b4 50. Kg4 g5 51. hxg6+ Kxg6 52. Bf5+ Kf7 53. Bb6 Be7 54. Bg1 Bg5 55. Bh2 Kf6 56. Bxf4 a5 57. Bxg5+ hxg5 58. f4 gxf4 59. Kxf4 Ke7 60. e5 1-0


[Site "https://www.chess.com"]

[Event "Titled Tuesday Blitz October 25 Late 2022"]
[White "Zochowski, Kacper"]
[Black "Kopacz, Grzegorz"]
[WhiteFideId "1125494"]
[BlackFideId "1109880"]
[WhiteElo "2292"]
[BlackElo "2037"]
[Result "1-0"]
[Round "05"]
[TimeControl "180+1"]
[Date "2022.10.26"]
[WhiteClock "0:01:31"]
[BlackClock "0:00:20"]

1. Nf3 c5 2. c4 Nc6 3. b3 Nf6 4. Bb2 g6 5. Bxf6 exf6 6. Nc3 Bg7 7. g3 f5 8. Rc1 O-O 9. Bg2 Re8 10. O-O d6 11. Ne1 Qd7 12. Nd3 b6 13. Nf4 Bb7 14. e3 Nb4 15. Bxb7 Qxb7 16. a3 Nc6 17. Qf3 Qd7 18. Ncd5 Ne7 19. Nxe7+ Qxe7 20. Nd5 Qd7 21. Rb1 Rab8 22. b4 cxb4 23. axb4 a5 24. d4 axb4 25. Rxb4 h5 26. Rfb1 h4 27. Rxb6 Rxb6 28. Rxb6 hxg3 29. hxg3 Qc8 30. Rc6 Qd7 31. Rc7 Qa4 32. Kg2 Qc2 33. Nf4 Rb8 34. Qd5 Rf8 35. Nxg6 1-0


[Site "https://www.chess.com"]

[Event "Titled Tuesday Blitz October 25 Late 2022"]
[White "Abdyzhapar, Asylbek"]
[Black "Ozates, Tuna"]
[WhiteFideId "13800337"]
[BlackFideId "6354521"]
[WhiteElo "2323"]
[BlackElo "2151"]
[Result "1-0"]
[Round "06"]
[TimeControl "180+1"]
[Date "2022.10.26"]
[WhiteClock "0:01:16"]
[BlackClock "0:00:04"]

1. e4 e5 2. Nf3 Nc6 3. Bb5 a6 4. Ba4 g6 5. c3 Bg7 6. d4 exd4 7. cxd4 b5 8. Bc2 Nge7 9. O-O O-O 10. h3 d6 11. Nc3 Na5 12. Bg5 h6 13. Bh4 g5 14. Bg3 f5 15. exf5 Nxf5 16. Bh2 Nc6 17. d5 Ncd4 18. Nxd4 Nxd4 19. Be4 Bf5 20. Qd3 Qf6 21. Rad1 Rae8 22. Rfe1 b4 23. Bxf5 Rxe1+ 24. Rxe1 bxc3 25. Bh7+ Kh8 26. Bg3 cxb2 27. Kh2 Nb5 28. Re6 Qd4 29. Qg6 Nc3 30. Re1 b1=Q 31. Rxb1 Nxb1 32. Qxb1 Be5 33. Be4 Qxf2 34. Bxe5+ dxe5 35. Qd3 Qf4+ 36. Kg1 Rb8 37. d6 Qc1+ 38. Kh2 Qf4+ 39. Kg1 cxd6 40. Qxd6 Qxe4 41. Qxb8+ Kg7 42. Qa7+ Kg6 43. Qxa6+ Kh5 44. Qf1 Qd4+ 45. Qf2 Qd1+ 46. Kh2 e4 47. Qf7+ 1-0


[Site "https://www.chess.com"]

[Event "Titled Tuesday Blitz October 25 Late 2022"]
[White "Adla, Diego"]
[Black "Bordi, Kevin"]
[WhiteFideId "100072"]
[BlackFideId "621862"]
[WhiteElo "2377"]
[BlackElo "2820"]
[Result "0-1"]
[Round "06"]
[TimeControl "180+1"]
[Date "2022.10.26"]
[WhiteClock "0:00:23"]
[BlackClock "0:00:07"]

1. c4 c6 2. d4 d5 3. cxd5 cxd5 4. Bf4 Nf6 5. e3 Nc6 6. Nc3 Bf5 7. Qb3 Qb6 8. Qxb6 axb6 9. Nf3 e6 10. Bb5 Bb4 11. Ne5 Rc8 12. O-O O-O 13. Bxc6 bxc6 14. Na4 b5 15. Nc5 Bxc5 16. dxc5 Ne4 17. Rfc1 f6 18. Nf3 e5 19. Bg3 Ra8 20. Ne1 Ra4 21. b3 Ra6 22. f3 Nxg3 23. hxg3 Rfa8 24. g4 Bg6 25. Nc2 Bxc2 26. Rxc2 Ra3 27. Rb2 b4 28. e4 d4 29. Kf2 Kf7 30. Ke2 R8a5 31. Rc2 Rxb3 32. axb3 Rxa1 33. Rc4 Ra2+ 34. Kd3 Rxg2 35. Rxb4 Rf2 36. Rb7+ Kg6 37. b4 Rxf3+ 38. Kc2 Rc3+ 39. Kb2 Rc4 40. Kb3 Rc1 41. Rc7 d3 42. Rd7 Kg5 43. Rxd3 Kxg4 44. Rd7 g5 45. Rxh7 Kf4 46. Rh6 Kxe4 47. Rxf6 g4 48. Rxc6 g3 49. Rg6 Kf3 50. c6 g2 51. b5 e4 52. Kb4 g1=Q 53. Rxg1 Rxg1 54. b6 e3 55. c7 Rc1 56. b7 e2 57. c8=Q e1=Q+ 58. Kb5 Qe5+ 59. Kb6 Rb1+ 60. Ka7 Ra1+ 61. Kb6 Qa5+ 62. Kc6 Rc1+ 63. Kd6 Rd1+ 64. Kc6 Qa6+ 65. Kc5 Rc1+ 66. Kb4 Rxc8 0-1


[Site "https://www.chess.com"]

[Event "Titled Tuesday Blitz October 25 Late 2022"]
[White "Aggelis, Nikolaos"]
[Black "Wieczorek, Zbigniew"]
[WhiteFideId "4213220"]
[BlackFideId "1102001"]
[WhiteElo "2187"]
[BlackElo "2355"]
[Result "1-0"]
[Round "06"]
[TimeControl "180+1"]
[Date "2022.10.26"]
[WhiteClock "0:00:03"]
[BlackClock "0:00:03"]

1. d4 g6 2. Nf3 Bg7 3. g3 Nf6 4. Bg2 O-O 5. O-O d6 6. Re1 Nbd7 7. e4 e5 8. Nc3 c6 9. a4 a5 10. h3 Re8 11. Be3 Qe7 12. Qd2 exd4 13. Nxd4 Ne5 14. b3 c5 15. Ndb5 Bxh3 16. Qxd6 Bxg2 17. Kxg2 Nfg4 18. Qxe7 Nxe3+ 19. Rxe3 Rxe7 20. Nd5 Ree8 21. Rae1 Ng4 22. Rd3 Rad8 23. f3 Ne5 24. Rdd1 h5 25. Ndc7 Rf8 26. Rd5 b6 27. Red1 Rxd5 28. Rxd5 c4 29. Rd6 cxb3 30. cxb3 f5 31. f4 Ng4 32. e5 g5 33. Ne6 Rc8 34. Nxg5 Rc2+ 35. Kf1 Bf8 36. Rd8 Ne3+ 37. Kg1 h4 38. gxh4 Kg7 39. Ne6+ Kg6 40. Rxf8 Kh5 41. Rg8 Kxh4 42. Nbd4 Rb2 43. Nf3+ Kh5 44. Rg5+ Kh6 45. Nf8 Rb1+ 46. Kf2 Ng4+ 47. Kg3 Rxb3 48. e6 1-0


[Site "https://www.chess.com"]